 Dungeon Crawl Stone Soup version 0.24-a0-512-g2b48af375b (webtiles) character file.

Game seed: 15896034655562288754

81 Essalna the Magician (level 4, 0/34 HPs)
             Began as a Mummy Summoner on July 20, 2019.
             Slain by a gnoll
             ... wielding a +0 spear
              (9 damage)
             ... on level 3 of the Dungeon.
             The game lasted 00:05:30 (1957 turns).

Essalna the Magician (Mummy Summoner)               Turns: 1957, Time: 00:05:31

Health: 0/34       AC:  9    Str: 11    XL:     4   Next: 20%
Magic:  7/10       EV: 12    Int: 20    God:
Gold:   105        SH:  0    Dex: 12    Spells: 3/11 levels left

rFire    x . .     SeeInvis .   b - +1 short sword (protect)
rCold    + . .     Gourm    .   (no shield)
rNeg     + + +     Faith    .   a - +0 robe
rPois    ∞         Spirit   .   (no helmet)
rElec    .         Reflect  .   (no cloak)
rCorr    .         Harm     .   (no gloves)
MR       .....                  (no boots)
Stlth    +.........             (no amulet)
HPRegen  0.11/turn              c - ring of attention (curse)
MPRegen  0.12/turn              e - +5 ring of intelligence

@: protection aura
A: no food or potions, fire vulnerability, cold resistance 1, negative energy
resistance 3, torment resistance, unbreathing
a: no special abilities


You were on level 3 of the Dungeon.
You were not hungry.

You visited 1 branch of the dungeon, and saw 3 of its levels.

You collected 105 gold pieces.

Inventory:

Hand Weapons
 b - a +1 short sword of protection (weapon)
Armour
 a - a +0 robe (worn)
Jewellery
 c - a cursed ring of attention (left hand)
 e - a +5 ring of intelligence (right hand)
Wands
 h - a wand of digging (5)
Scrolls
 d - 2 scrolls of remove curse {unknown}
 f - a scroll of fog {unknown}
 g - a scroll of blinking {unknown}
 i - a scroll of teleportation {unknown}
 j - a scroll of enchant armour {unknown}


   Skills:
 + Level 2.5 Fighting
 - Level 1.5 Dodging
 - Level 1.5 Stealth
 + Level 4.3 Spellcasting
 - Level 3.2 Summonings
 + Level 0.1 Air Magic


You had 3 spell levels left.
You knew the following spells:

 Your Spells              Type           Power        Failure   Level  Hunger
a - Summon Small Mammal   Summ           ###.         3%          1    N/A
b - Summon Guardian Gole  Hex/Summ       ##......     19%         3    N/A
c - Summon Lightning Spi  Summ/Air       ##......     52%         4    N/A

Your spell library contained the following spells:

 Spells                   Type           Power        Failure   Level  Hunger
 Call Imp                 Summ           ###.....     4%          2    N/A
 Call Canine Familiar     Summ           ###.....     10%         3    N/A
 Summon Ice Beast         Ice/Summ       ##......     54%         4    N/A

Dungeon Overview and Level Annotations

Branches:
Dungeon (3/15)

Altars:
Ru


Innate Abilities, Weirdness & Mutations

You do not eat or drink.
Your flesh is vulnerable to fire.
You are immune to poison.
Your flesh is cold resistant. (rC+)
You are immune to negative energy. (rN+++)
You are immune to unholy pain and torment.
You can survive without breathing.


Message History

The gnoll barely misses you.
You closely miss the gnoll.
The gnoll is heavily wounded.
The gnoll hits you but does no damage.
You hit the gnoll.
The gnoll is heavily wounded.
The gnoll hits you with a +0 spear.
You are too injured to fight recklessly!
Casting: Summon Guardian Golem (safe; 19% risk of failure)
Confirm with . or Enter, or press ? or * to list all spells.
A guardian golem appears, shielding your allies.
The gnoll hits you with a +0 spear!
You hit the gnoll.
The gnoll is severely wounded.
The gnoll hits you with a +0 spear.
* * * LOW HITPOINT WARNING * * *
You closely miss the gnoll.
The gnoll is severely wounded.
The gnoll hits you with a +0 spear!
You die...

...............#
..##.........### ..
#.........# #
#.........###.## ..
##............... ..#
##..........###.##
#..# #..........##
..###..
....##.......####8#...
.#..
#.#####.?..@g#.#####
...# #.#
#####......... ##. ..#
##....###### #. ....
######......[.. ##
...#...
......r..###### ..
#.##.. ##..>....#
####### .. # ##.#
##.##...####.....##..
# ###............<.
#.##....†..!.##


You could see a gnoll and a friendly guardian golem.

Vanquished Creatures
  Jessica (D:2)
  3 adders (D:2)
  A leopard gecko (D:2)
  3 bats
  A giant cockroach (D:3)
  4 goblins
  2 hobgoblins (D:2)
  2 jackals (D:2)
  A frilled lizard (D:3)
  3 kobolds
  3 rats
24 creatures vanquished.

Vanquished Creatures (collateral kills)
  A dart slug (D:2)
  2 hobgoblins
  A jackal (D:2)
  5 kobolds
  A quokka (D:2)
  2 bats (D:1)
  A frilled lizard (D:2)
  2 goblins (D:2)
  2 rats
17 creatures vanquished.

Grand Total: 41 creatures vanquished

Notes
Turn   | Place    | Note
-------+----------+-------------------------------------------
     0 | D:1      | Essalna the Mummy Summoner began the quest for the Orb.
     0 | D:1      | Reached XP level 1. HP: 13/13 MP: 4/4
   222 | D:1      | Reached skill level 3 in Spellcasting
   300 | D:1      | Reached skill level 1 in Fighting
   310 | D:1      | Reached XP level 2. HP: 16/21 MP: 1/6
   809 | D:2      | Noticed Jessica
   809 | D:2      | You fall into a shaft and drop 1 floor!
  1058 | D:2      | Found a sacrificial altar of Ru.
  1106 | D:2      | Killed Jessica
  1106 | D:2      | Reached XP level 3. HP: 22/27 MP: 4/8
  1107 | D:2      | Reached skill level 4 in Spellcasting
  1379 | D:2      | Learned a level 3 spell: Summon Guardian Golem
  1433 | D:2      | Reached XP level 4. HP: 17/34 MP: 7/10
  1590 | D:2      | Learned a level 4 spell: Summon Lightning Spire
  1957 | D:3      | Slain by a gnoll

Levels and vault maps discovered:
D:1:      dpeg_arrival_pits, layout_rooms
D:2:      layout_basic, minmay_hexomino_r4, uniq_jessica
D:3:      layout_rooms, zin_scriptorium

Skill      XL: |  1  2  3 |
---------------+----------+-----
Spellcasting   | 3 4 |  4.3
Fighting       | 1 2 |  2.5
Dodging        | |  1.5
Stealth        | |  1.5
Summonings     | |  3.2
Air Magic      | |  0.1

Action                   |  1- 3 |  4- 6 || total
-------------------------+-------+-------++-------
Melee: Short sword       |    79 |    21 ||   100
       Unarmed           |    12 |       ||    12
 Cast: Summon Small Mamm |    43 |       ||    43
       Summon Guardian G |     1 |     3 ||     4
 Stab: Distracted        |     2 |       ||     2
Armor: Robe              |    50 |     5 ||    55
Dodge: Dodged            |   109 |    15 ||   124

Table legend:
 A = Non-vault XP
 B = Vault XP
 C = Vault XP percentage of total XP
 D = Non-vault monster count
 E = Vault monster count
 F = Vault count percentage of total count
                 A         B        C        D         E       F
            +---------+---------+-------+---------+---------+-------
      Total |      86 |      31 |  26.5 |      37 |       4 |   9.8
            +---------+---------+-------+---------+---------+-------
        D:1 |      17 |       0 |   0.0 |      13 |       0 |   0.0
        D:2 |      64 |      31 |  32.6 |      20 |       4 |  16.7
        D:3 |       5 |       0 |   0.0 |       4 |       0 |   0.0
            +---------+---------+-------+---------+---------+-------
